 Dungeon Crawl Stone Soup version 0.30-a0-799-g109b55a442 (webtiles) character file.

Game seed: 9977470266911965300

748 bande the Chopper (level 7, 0/44 HPs)
             Began as a Gargoyle Fighter on Feb 21, 2023.
             Slain by a gnoll
             ... wielding a +0 spear
             ... led by a gnoll bouda
              (5 damage)
             ... on level 4 of the Dungeon.
             The game lasted 00:07:15 (3551 turns).

bande the Chopper (Gargoyle Fighter)                Turns: 3551, Time: 00:07:16

Health: 0/44       AC: 18    Str: 20    XL:     7   Next: 77%
Magic:  7/7        EV:  7    Int:  8    God:
Gold:   225        SH:  5    Dex: 11    Spells: 6/6 levels left

rFire   . . .      SeeInvis .    a - +1 war axe (freeze)
rCold   . . .      Faith    .    c - +0 buckler
rNeg    + . .      Spirit   .    y - +1 chain mail {rPois}
rPois   ∞          Reflect  .    (no helmet)
rElec   +          Harm     .    (no cloak)
rCorr   .          Rampage  .    p - +1 pair of gloves
Will    .....                    k - +0 pair of boots Stlth
                                 (no amulet)
HPRegen 0.27/turn                (no ring)
MPRegen 0.10/turn                (no ring)

@: no status effects
A: sickness immunity, AC +4, negative energy resistance 1, electricity
resistance, torment resistance 1, petrification resistance
a: no special abilities


You were on level 4 of the Dungeon.
You visited 1 branch of the dungeon, and saw 4 of its levels.

You collected 225 gold pieces.

Inventory:

Hand Weapons
 a - a +1 war axe of freezing (weapon)
 f - a +0 war axe
 i - the +8 morningstar of Greatest Utility {elec, Dex+4}
   (You found it on level 2 of the Dungeon)

   Dex:       It affects your dexterity (+4).
Armour
 c - a +0 buckler (worn)
 k - a +0 pair of boots (worn)
 p - a +1 pair of gloves (worn)
 y - a +1 chain mail of poison resistance (worn)
Wands
 r - a wand of roots (8)
 t - a wand of acid (6)
 x - a wand of polymorph (3)
Scrolls
 e - 3 scrolls of fear
 o - 2 scrolls of amnesia
 s - 3 scrolls of magic mapping
 w - a scroll of enchant weapon
 z - a scroll of identify
Potions
 b - a potion of degeneration {unknown}
 d - 2 potions of might
 g - a potion of haste {unknown}
 h - a potion of brilliance
 j - a potion of lignification
 l - a potion of mutation {unknown}
 m - a potion of curing {unknown}
 n - 4 potions of berserk rage
 q - 3 potions of heal wounds
 u - 2 potions of flight


   Skills:
 + Level 4.7 Fighting
 + Level 5.7 Axes
 + Level 4.6 Armour
 + Level 4.4 Shields
 + Level 0.1 Unarmed Combat
 * Level 1.9 Evocations


You had 6 spell levels left.
You didn't know any spells.
Your spell library contained the following spells:

 Spells                   Type           Power      Damage    Failure   Level
 Apportation              Tloc           0%         N/A       99%         1
 Necrotise                Necr           0%         1d4       99%         1
 Summon Small Mammal      Summ           0%         N/A       99%         1
 Poisonous Vapours        Pois/Air       0%         N/A       100%        2
 Mephitic Cloud           Conj/Pois/Air  0%         N/A       100%        3
 Summon Cactus Giant      Summ           0%         N/A       100%        6
 Summon Hydra             Summ           0%         N/A       100%        7
 Cigotuvi's Dreadful Rot  Necr/Pois/Air  Unusable   N/A       N/A         2

Dungeon Overview and Level Annotations

Branches:
Dungeon (4/15)
 Temple: D:4-7

Altars:
Kikubaaqudgha
Vehumet


Innate Abilities, Weirdness & Mutations

You are immune to sickness and miasma.
Your stone body is resilient. (AC +4)
You are immune to poison.
You resist negative energy. (rN+)
You are resistant to electric shocks. (rElec)
You are resistant to unholy torment.
You are immune to petrification.


Message History

You start resting.
A worm comes into view.
The worm is attracted toward you.
A worm is nearby!
A worm is nearby!
A worm is nearby!
You slash the worm! You freeze the worm.
The worm is severely wounded.
The worm bites you.
You hit the worm. You freeze the worm.
The worm is almost dead.
You slash the worm! You freeze the worm.
You kill the worm!
You feel less wooden.
Your +1 pair of gloves unmelds from your body.
Your +0 pair of boots unmelds from your body.
Your +1 chain mail of poison resistance unmelds from your body.
You start resting.
You feel less attractive to monsters.
You start resting.
A gnoll comes into view. It is wielding a +0 spear.
A gnoll is nearby!
A gnoll is nearby!
The gnoll shouts!
The gnoll throws a throwing net.
The throwing net hits you.
You become entangled in the net!
The gnoll hits you from afar with a +0 spear.
The gnoll hits you from afar with a +0 spear.
* * * LOW HITPOINT WARNING * * *
You tear a large gash into the net.
A gnoll comes into view. It is wielding a +0 flail.
The gnoll hits you but does no damage.
You struggle against the net.
The gnoll shouts!
The gnoll hits you from afar with a +0 spear!
* * * LOW HITPOINT WARNING * * *
You shred the net and break free!
The gnoll throws a throwing net.
You block the throwing net. The gnoll hits you with a +0 spear.
You die...

.........#
#.........
#######..#
########..
#..# #..
#######?.#
###
.........#
#######.##
#g# #(# #@#
.......g#
###
#######.#
#.. ... #.#
#.# #.# #.#
#.# #.#
##.# #.#
########..#
..........#


You could see 2 gnolls.

Vanquished Creatures
  Sigmund (D:2)
  Menkaure (D:4)
  A necrophage (D:4)
  An orc priest (D:3)
  Ijyb (D:3)
  2 gnoll boudas (D:4)
  Terence (D:3)
  An orc wizard (D:3)
  6 adders
  9 gnolls (D:4)
  2 worms
  3 dart slugs
  6 orcs (D:3)
  6 ball pythons
  6 bats
  6 endoplasms
  7 giant cockroaches
  8 goblins
  4 hobgoblins
  2 jackals (D:2)
  9 kobolds
  A quokka (D:2)
  2 frilled lizards
  8 rats
94 creatures vanquished.

Vanquished Creatures (others)
  A goblin (D:3)
1 creature vanquished.

Grand Total: 95 creatures vanquished

Notes
Turn   | Place    | Note
-------+----------+-------------------------------------------
     0 | D:1      | bande the Gargoyle Fighter began the quest for the Orb.
     0 | D:1      | Reached XP level 1. HP: 14/14 MP: 1/1
    88 | D:1      | Reached XP level 2. HP: 19/19 MP: 2/2
   156 | D:1      | Reached skill level 2 in Axes
   329 | D:1      | Reached XP level 3. HP: 18/23 MP: 3/3
   831 | D:2      | Reached XP level 4. HP: 29/29 MP: 4/4
   896 | D:2      | Identified the +8 morningstar of Greatest Utility {elec,
                  | Dex+4}
  1137 | D:2      | Noticed Sigmund
  1146 | D:2      | Killed Sigmund
  1147 | D:2      | Reached skill level 4 in Axes
  1147 | D:2      | Reached XP level 5. HP: 33/33 MP: 5/5
  1147 | D:2      | Reached XP level 6. HP: 38/38 MP: 6/6
  1389 | D:2      | You fall into a shaft and drop 2 floors!
  1393 | D:4      | Noticed Menkaure
  1401 | D:4      | Killed Menkaure
  1559 | D:3      | Reached skill level 5 in Axes
  2055 | D:3      | Reached XP level 7. HP: 31/44 MP: 7/7
  2248 | D:3      | Found an ancient bone altar of Kikubaaqudgha.
  2382 | D:3      | Noticed Ijyb
  2391 | D:3      | Killed Ijyb
  2670 | D:3      | Found a radiant altar of Vehumet.
  2696 | D:3      | Reached skill level 1 in Evocations
  2699 | D:3      | Found a faded altar of an unknown god.
  2834 | D:3      | Got Sif Muna's Quarto of Feathery Adjuration
  2929 | D:3      | Noticed Terence
  2943 | D:3      | Killed Terence
  3500 | D:4      | HP: 1/44 [gnoll/+0 halberd[a gnoll bouda] (6)]
  3551 | D:4      | Slain by a gnoll

Illustrated notes

Levels and vault maps discovered:
D:1:      eino_arrival_cavern_e, layout_basic, chequers_arboretum,
          minmay_tiny_reverse_x
D:2:      minmay_general_purpose_star, layout_loops_ring, uniq_sigmund
D:3:      layout_loops_corners, nicolae_kikubaaqudgha_miasma_corner,
          mainiacjoe_overflow_alcove_1, dreamdust_ecumenical_altar_statues,
          uniq_terence, uniq_ijyb
D:4:      layout_basic, mainiacjoe_overflow_small_starburst, uniq_menkaure

Skill      XL: |  1  2  3  4  5  6  7 |
---------------+----------------------+-----
Axes           | 2 4 5 |  5.7
Fighting       | 4 |  4.7
Armour         | 4 |  4.6
Shields        | 4 |  4.4
Evocations     | 1 |  1.9
Unarmed Combat | |  0.1

Action                     |  1- 3 |  4- 6 |  7- 9 || total
---------------------------+-------+-------+-------++-------
  Melee: War axe           |    92 |    74 |    81 ||   247
         Unarmed           |       |       |     9 ||     9
    Use: Scroll            |     8 |     3 |       ||    11
         Potion            |       |       |     4 ||     4
   Stab: Distracted        |       |       |     1 ||     1
 Armour: Scale mail        |    57 |    31 |    16 ||   104
         Chain mail        |       |       |    17 ||    17
         Skin              |       |       |    13 ||    13
  Dodge: Dodged            |    38 |    42 |    34 ||   114
  Block: Buckler           |    22 |    13 |    17 ||    52

Table legend: (Time is in decaauts)
 A = Elapsed time spent in this place.
 B = Non-inter-level travel time spent in this place.
 C = Inter-level travel time spent in this place.
 D = Time resting spent in this place.
 E = Time spent auto-exploring this place.
 F = Levels seen in this place.
 G = Mean time per level.
                   A        B        C        D        E       F      G
               +--------+--------+--------+--------+--------+-----+--------+
         Total |   3637 |   3586 |     51 |    802 |   2007 |   4 |  909.2 |
       Dungeon |   3637 |   3586 |     51 |    802 |   2007 |   4 |  909.2 |
               +--------+--------+--------+--------+--------+-----+--------+

Top non-repeatable levels by time:
     D:3: 1523 daAuts
     D:2: 1107 daAuts
     D:1: 649 daAuts
     D:4: 356 daAuts
